 Dungeon Crawl Stone Soup version 0.30.0-5-g1a98f26d00 (webtiles) character file.

Game seed: 6191081347797005790

2538 qeuew the Protected (level 9, -2/80 (81) HPs)
             Began as a Minotaur Fighter on May 12, 2023.
             Slain by a wight
             ... wielding a +3 great sword of freezing
              (15 damage)
             ... on level 8 of the Dungeon.
             The game lasted 00:05:20 (4102 turns).

qeuew the Protected (Minotaur Fighter)              Turns: 4102, Time: 00:05:20

HP:   -2/80 (81)    AC:  9    Str: 23    XL:     9   Next: 30%
MP:   8/8           EV: 18    Int:  5    God:
Gold: 374           SH:  6    Dex: 18    Spells: 8/8 levels left

rFire   . . .        a - +1 war axe
rCold   . . .        c - +0 buckler
rNeg    . . .        b - +1 scale mail
rPois   .            (helmet restricted)
rElec   .            (no cloak)
rCorr   .            (no gloves)
SInv    .            (no boots)
Will    .....        (no amulet) Stlth
                     f - +6 ring of dexterity
HPRegen 0.33/turn    g - +5 ring of evasion
MPRegen 0.11/turn

%: no passive effects
@: mighty, hasted, lightly drained, very quick
A: horns 2, retaliatory headbutt
a: no special abilities


You were on level 8 of the Dungeon.
You visited 1 branch of the dungeon, and saw 8 of its levels.

You collected 374 gold pieces.

Inventory:

Hand Weapons
 a - a +1 war axe (weapon)
Armour
 b - a +1 scale mail (worn)
 c - a +0 buckler (worn)
Jewellery
 f - a +6 ring of dexterity (left hand)
 g - a +5 ring of evasion (right hand)
Wands
 e - a wand of roots (16)
 i - a wand of flame (30)
Potions
 d - 3 potions of might
 h - 2 potions of resistance
 j - 3 potions of curing
 l - a potion of flight


   Skills:
 + Level 7.9 Fighting
 + Level 7.4 Axes
 * Level 10.8 Armour
 + Level 6.3 Dodging
 + Level 7.9 Shields
 + Level 4.7 Evocations


You had 8 spell levels left.
You didn't know any spells.
Your spell library contained the following spells:

 Spells                   Type           Power      Damage    Failure   Level
 Summon Small Mammal      Summ           0%         N/A       78%         1
 Call Canine Familiar     Summ           0%         N/A       98%         3
 Summon Guardian Golem    Hex/Summ       0%         N/A       98%         3


Dungeon Overview and Level Annotations

Branches:
Dungeon (8/15)
 Temple: D:4-7         Lair: D:8-11

Altars:
Kikubaaqudgha
Sif Muna
Uskayaw
Vehumet
Wu Jian
Yredelemnul

Shops:
D:5 [[


Innate Abilities, Weirdness & Mutations

You have a pair of horns on your head.
You reflexively headbutt those who attack you in melee.


Message History

You are too injured to fight recklessly!
You are too injured to fight recklessly!
You are too injured to fight recklessly!
You are too injured to fight recklessly!
You are too injured to fight recklessly!
You are too injured to fight recklessly!
Unknown command.
The wight hits you from afar with a +3 halberd!
The wight misses you. You furiously retaliate!
You headbutt the wight.
There is an escape hatch in the floor here.
You slash the wight!
You headbutt the wight, but do no damage.
The wight is heavily damaged.
You barely miss the wight. The wight misses you. You block the wight's attack.
The wight misses you.
Unknown command.
You are too injured to fight recklessly!
You feel very mighty all of a sudden.
The wight hits you with a +3 great sword of freezing!
* * * LOW HITPOINT WARNING * * *
The wight freezes you.
* * * LOW HITPOINT WARNING * * *
The wight completely misses you. The wight barely misses you.
Unknown command.
The wight closely misses you. x2; You block the wight's attack.
You slide downwards.
The hatch slams shut behind you.
The gnoll sergeant shouts!
The gnoll shouts! x2; The kobold brigand shouts!
The kobold shouts! x3; You hear a shout!
You hear a howl! x3
Found four items.
You aren't carrying any scrolls.
You feel better. You block the wight's attack. x2
The kobold barely misses you. You furiously retaliate!
You headbutt the kobold!!
You kill the kobold!
A kobold comes into view. It is wielding a +0 short sword.
An orc comes into view. It is wielding a +0 dagger.
You feel yourself speed up.
The orc shouts!
The wight hits you with a +3 great sword of freezing!
You die...

##.. . .#
#...###. ..##
#...#..##...#
#!..#g......o
..#............
....ggg......
##.##.z........
(......@.......
..##)..)z......
#....#K.....
####K#.....!


KK. ..... ... ..... KK. ..## ...## ### You could see a kobold brigand, a gnoll
sergeant, 2 wights, 3 gnolls, an orc and 5 kobolds.

Vanquished Creatures
  Maggie (D:6)
  Prince Ribbit (D:5)
  Grinder (D:5)
  Edmund (D:5)
  A water moccasin (D:6)
  An orc warrior (D:7)
  2 black bears (D:6)
  An ice beast (D:5)
  2 phantoms
  A bullfrog (D:7)
  Blork the orc (D:6)
  4 scorpions
  2 jellies (D:6)
  A sleepcap (D:4)
  2 iguanas
  2 orc wizards (D:6)
  4 gnolls
  7 adders
  An ufetubus (D:6)
  4 dart slugs
  9 orcs
  10 bats
  8 endoplasms
  A giant cockroach (D:1)
  5 goblins
  12 hobgoblins
  12 jackals
  5 kobolds
  5 quokkas
  10 ball pythons
  2 frilled lizards (D:3)
  7 rats
126 creatures vanquished.

Notes
Turn   | Place    | Note
-------+----------+-------------------------------------------
     0 | D:1      | qeuew the Minotaur Fighter began the quest for the Orb.
     0 | D:1      | Reached XP level 1. HP: 19/19 MP: 0/0
   102 | D:1      | Reached XP level 2. HP: 27/27 MP: 1/1
   157 | D:1      | Reached skill level 4 in Armour
   331 | D:1      | Reached skill level 1 in Dodging
   356 | D:1      | Reached XP level 3. HP: 31/33 MP: 2/2
  1056 | D:2      | Reached XP level 4. HP: 40/40 MP: 3/3
  1121 | D:2      | Found an ancient bone altar of Kikubaaqudgha.
  1352 | D:3      | Reached skill level 5 in Armour
  1464 | D:3      | Noticed a scorpion
  1468 | D:3      | Killed a scorpion
  1469 | D:3      | Reached XP level 5. HP: 47/47 MP: 4/4
  1607 | D:3      | Found a hide-covered altar of Uskayaw.
  1609 | D:3      | Found a shimmering blue altar of Sif Muna.
  1610 | D:3      | Found an ornate altar of the Wu Jian Council.
  1614 | D:3      | Found a basalt altar of Yredelemnul.
  2030 | D:4      | Reached XP level 6. HP: 53/53 MP: 5/5
  2434 | D:4      | Reached skill level 1 in Evocations
  2470 | D:4      | Reached skill level 10 in Armour
  2470 | D:4      | Reached skill level 5 in Dodging
  2470 | D:4      | Reached XP level 7. HP: 66/66 MP: 6/6
  2495 | D:5      | Entered Level 5 of the Dungeon
  2495 | D:5      | Found Exuewac's Antique Armour Boutique.
  2596 | D:5      | Noticed Edmund
  2614 | D:5      | Killed Edmund
  2747 | D:5      | Reached XP level 8. HP: 73/73 MP: 7/7
  2784 | D:5      | Found Ymutiph's Armour Shoppe.
  2885 | D:5      | Noticed Grinder
  2893 | D:5      | Paralysed by Grinder for 2 turns
  2896 | D:5      | Killed Grinder
  2973 | D:5      | Noticed Prince Ribbit
  2994 | D:5      | Killed Prince Ribbit
  3580 | D:6      | Noticed Maggie
  3596 | D:6      | Killed Maggie
  3597 | D:6      | Reached XP level 9. HP: 60/81 MP: 8/8
  3708 | D:6      | Found a radiant altar of Vehumet.
  3763 | D:6      | Identified the +3 chain mail "Laen" {rC+ rN++ Str+3 Dex-5}
  3844 | D:6      | Noticed Blork the orc
  3850 | D:6      | Killed Blork the orc
  4102 | D:8      | Slain by a wight

Illustrated notes

Levels and vault maps discovered:
D:1:      dpeg_arrival_lava_temple_mockup, layout_rooms, minmay_ruptured
D:2:      layout_basic, basic_altar, minmay_quadrilaterals
D:3:      layout_basic, minitemple
D:4:      layout_basic
D:5:      layout_cave_pools, serial_shops, shop, nicolae_lakefront_shop,
          serial_park_tiny_1, uniq_prince_ribbit1, uniq_grinder, uniq_edmund
D:6:      layout_basic, mainiacjoe_overflow_cross_hatched, uniq_maggie,
          uniq_blork_the_orc
D:7:      layout_rooms, minmay_temple_entry_trees, ebering_ghost_disaster_area,
          minmay_increasing_density
D:8:      gammafunk_corrupted_shrine, layout_cave_pools,
          regret_index_temple_of_mockery, uniq_psyche

Skill      XL: |  1  2  3  4  5  6  7  8 |
---------------+-------------------------+-----
Armour         | 4 5 10 | 10.8
Dodging        | 1 2 5 6 |  6.3
Fighting       | 4 7 |  7.9
Shields        | 4 7 |  7.9
Axes           | 3 6 7 |  7.4
Evocations     | 4 |  4.7

Action                     |  1- 3 |  4- 6 |  7- 9 || total
---------------------------+-------+-------+-------++-------
  Melee: War axe           |    80 |    75 |   119 ||   274
         Headbutt          |     9 |    18 |    27 ||    54
    Use: Scroll            |     2 |    11 |     3 ||    16
         Potion            |       |     1 |     3 ||     4
 Armour: Scale mail        |    32 |    22 |    21 ||    75
  Dodge: Dodged            |    56 |    41 |   107 ||   204
  Block: Buckler           |    31 |    18 |    49 ||    98
